 Dungeon Crawl Stone Soup version 0.27.1-3-gb3d3a73c9e (webtiles) character file.

Game seed: 9316003256467672095

10 khargal the Skirmisher (level 2, -1/24 HPs)
             Began as a Demonspawn Monk on Oct 19, 2021.
             Slain by a hobgoblin (3 damage)
             ... on level 1 of the Dungeon.
             The game lasted 00:00:48 (247 turns).

khargal the Skirmisher (Demonspawn Monk)             Turns: 247, Time: 00:00:48

Health: -1/24      AC:  2    Str: 11    XL:     2   Next: 10%
Magic:  2/2        EV: 10    Int: 11    God:
Gold:   16         SH:  0    Dex: 15    Spells: 1/1 levels left

rFire    . . .     SeeInvis .   (no weapon)
rCold    . . .     Faith    .   (no shield)
rNeg     . . .     Spirit   .   b - +0 robe
rPois    .         Reflect  .   (no helmet)
rElec    .         Harm     .   (no cloak)
rCorr    .         Rampage  .   (no gloves)
Will     .....                  (no boots)
Stlth    ++........             (no amulet)
HPRegen  0.08/turn              (no ring)
MPRegen  0.08/turn              (no ring)

@: constricted
A: talons 1
a: no special abilities


You were on level 1 of the Dungeon.
You visited 1 branch of the dungeon, and saw 1 of its levels.

You collected 16 gold pieces.

Inventory:

Hand Weapons
 a - a +0 spear
Armour
 b - a +0 robe (worn)
Scrolls
 c - a scroll of amnesia {unknown}
 e - 3 scrolls of teleportation {unknown}
Potions
 d - a potion of brilliance {unknown}


   Skills:
 + Level 3.1 Fighting
 + Level 3.0 Polearms
 + Level 2.7 Dodging
 + Level 1.9 Stealth


You had one spell level left.
You didn't know any spells.
Your spell library contained the following spells:

 Spells                   Type           Power      Damage    Failure   Level
 Magic Dart               Conj           0%         1d3       34%         1
 Call Imp                 Summ           0%         N/A       47%         2
 Mephitic Cloud           Conj/Pois/Air  0%         N/A       71%         3


Dungeon Overview and Level Annotations

Branches:
Dungeon (1/15)

Altars:


Innate Abilities, Weirdness & Mutations

You have sharp toenails.


Message History

You hit the rat. Your kick misses the rat.
The rat is heavily wounded.
The ball python closely misses you. The ball python constricts you.
The hobgoblin closely misses you. The rat bites you.
You barely miss the rat.
The rat is heavily wounded.
The ball python bites you. The ball python constricts you.
The hobgoblin hits you. The rat completely misses you.
The ball python barely misses you. The ball python constricts you.
You hit the rat.
You kill the rat!
The hobgoblin closely misses you.
The ball python bites you but does no damage.
The ball python constricts you.
You barely miss the hobgoblin.
You claw the hobgoblin, but do no damage.
The hobgoblin barely misses you. The ball python bites you.
The ball python constricts you.
You hit the hobgoblin.
The hobgoblin is lightly wounded.
The hobgoblin hits you. The ball python bites you.
* * * LOW HITPOINT WARNING * * *
The ball python constricts you. The hobgoblin hits you.
* * * LOW HITPOINT WARNING * * *
You hit the hobgoblin.
The hobgoblin is heavily wounded.
The ball python barely misses you. The ball python constricts you.
* * * LOW HITPOINT WARNING * * *
The hobgoblin misses you. The hobgoblin hits you.
* * * LOW HITPOINT WARNING * * *
You hit the hobgoblin but do no damage.
The hobgoblin is heavily wounded.
The ball python bites you but does no damage.
The ball python constricts you. The hobgoblin completely misses you.
The hobgoblin hits you but does no damage.
The ball python barely misses you. The ball python constricts you.
You hit the hobgoblin but do no damage.
The hobgoblin is heavily wounded.
The hobgoblin hits you.
You die...

#....#. #..... ##
#....## #> 'r....#
#. #.....### #.
#........ #####.
##......#
#.....##.......##
#...@g.........
##..gS.########
#.###..#.P.#P#
#......#.#.#.#.#.#.
#............PP.....
#......#.#.#.#.#.#..
#......#.P.#_#...
#......#.#.#P# #.#
#.........P.PP .P.


You could see 2 hobgoblins and a ball python.

Vanquished Creatures
  2 bats (D:1)
  An endoplasm (D:1)
  A hobgoblin (D:1)
  A quokka (D:1)
  3 frilled lizards (D:1)
  A kobold (D:1)
  A rat (D:1)
10 creatures vanquished.

Notes
Turn   | Place    | Note
-------+----------+-------------------------------------------
     0 | D:1      | khargal the Demonspawn Monk began the quest for the Orb.
     0 | D:1      | Reached XP level 1. HP: 18/18 MP: 1/1
   186 | D:1      | Gained mutation: You have sharp toenails. [demonic
                  | ancestry]
   186 | D:1      | Reached XP level 2. HP: 24/24 MP: 2/2
   216 | D:1      | Found a faded altar of an unknown god.
   245 | D:1      | HP: 1/24 [hobgoblin (2)]
   247 | D:1      | Slain by a hobgoblin

Illustrated notes

Levels and vault maps discovered:
D:1:      dpeg_arrival_arbitrary_b, layout_basic,
          shapermc_ecumenical_altar_mp_urbaneastern, serial_forest,
          infiniplex_forest_end_3, infiniplex_forest_straight_3,
          infiniplex_forest_join, infiniplex_forest_clump_small,
          infiniplex_forest_straight_5, infiniplex_forest_zigzag_2,
          nrook_mini_vaults

Skill      XL: |  1 |
---------------+----+-----
Polearms       | 3 |  3.0
Fighting       | |  3.1
Dodging        | |  2.7
Stealth        | |  1.9

Action                   || total
-------------------------++-------
Melee: Spear             ||    19
       Unarmed           ||    11
       Kick              ||     3
 Stab: Sleeping          ||     1
Armor: Robe              ||     8
Dodge: Dodged            ||    18
